 Dungeon Crawl Stone Soup version 0.25-a0-341-g6f074c887a (webtiles) character file.

Game seed: 6804131286669122033, levelgen mode: deterministic

106 pk666 the Magician (level 4, 0/24 HPs)
             Began as a Deep Elf Wizard on Dec 30, 2019.
             Killed by nerve-wracking pain
             ... invoked by Grinder
              (7 damage)
             ... on level 3 of the Dungeon.
             The game lasted 00:03:56 (3062 turns).

pk666 the Magician (Deep Elf Wizard)                Turns: 3062, Time: 00:03:56

Health: 0/24       AC:  2    Str:  4    XL:     4   Next: 55%
Magic:  9/13       EV: 14    Int: 24    God:
Gold:   85         SH:  0    Dex: 15    Spells: 2/13 levels left

rFire    . . .     SeeInvis .   f - +0 dagger
rCold    . . .     Gourm    .   (no shield)
rNeg     . . .     Faith    .   a - +0 robe
rPois    .         Spirit   .   b - +0 hat
rElec    .         Reflect  .   (no cloak)
rCorr    .         Harm     .   (no gloves)
MR       .....                  (no boots)
Stlth    ++........             (no amulet)
HPRegen  0.08/turn              g - +2 ring of dexterity
MPRegen  0.13/turn              (no ring)

@: very slightly contaminated
A: no striking features
a: no special abilities


You were on level 3 of the Dungeon.
You were not hungry.

You visited 1 branch of the dungeon, and saw 3 of its levels.

You collected 85 gold pieces.

Inventory:

Hand Weapons
 f - a +0 dagger (weapon)
Armour
 a - a +0 robe (worn)
 b - a +0 hat (worn)
Jewellery
 g - a +2 ring of dexterity (left hand)
Scrolls
 e - 2 scrolls of fog {unknown}
 h - a scroll of identify {unknown}
 j - 3 scrolls of fear {unknown}
 l - 2 scrolls of immolation {unknown}
 m - a scroll of teleportation {unknown}
 q - a scroll of noise {unknown}
Potions
 c - a potion of heal wounds {unknown}
 i - a potion of flight {unknown}
 k - a potion of invisibility {unknown}
 n - 2 potions of curing
 o - a potion of berserk rage {unknown}
 p - 2 potions of might {unknown}
Comestibles
 d - 7 rations


   Skills:
 - Level 3.6 Dodging
 - Level 2.4 Stealth
 + Level 5.4 Spellcasting
 + Level 2.8 Conjurations
 + Level 1.3 Summonings
 - Level 1.1 Translocations
 + Level 0.3 Fire Magic
 + Level 0.4 Air Magic
 + Level 0.4 Poison Magic


You had 2 spell levels left.
You knew the following spells:

 Your Spells              Type           Power        Failure   Level  Hunger
a - Magic Dart            Conj           ###.         2%          1    None
b - Blink                 Tloc           N/A          9%          2    None
c - Conjure Flame         Conj/Fire      ##......     13%         3    #......
d - Mephitic Cloud        Conj/Pois/Air  ##......     16%         3    #......
e - Call Imp              Summ           ##......     7%          2    None

Your spell library contained the following spells:

 Spells                   Type           Power        Failure   Level  Hunger
 Slow                     Hex            #.......     13%         2    None


Dungeon Overview and Level Annotations

Branches:
Dungeon (3/15)

Altars:
Ashenzari
Qazlal
Sif Muna

Annotations:
D:3 Grinder


Message History

Confirm with . or Enter, or press ? or * to list all spells.
Aiming: Magic Dart (safe; 2% risk of failure)
Press: ? - help, Shift-Dir - straight line, f - Grinder
Aim: Grinder The magic dart hits Grinder.
Grinder is lightly wounded.
Grinder hits you.
You writhe in agony.
Casting: Magic Dart (safe; 2% risk of failure)
Confirm with . or Enter, or press ? or * to list all spells.
Aiming: Magic Dart (safe; 2% risk of failure)
Press: ? - help, Shift-Dir - straight line, f/p - Grinder
Aim: Grinder The magic dart hits Grinder but does no damage.
Grinder hits you!
You writhe in agony.
* * * LOW HITPOINT WARNING * * *
Grinder gestures at you. You resist with significant effort.
Grinder gestures at you. Pain shoots through your body!
You die...

# # ############ # #..........#
### #...#######.# #.. ..... #.#
#.# ##... #.###### #.# ##.#
#.5..@.# ######.# #. ######.#
#(...... #. #.# #.####.# ##'# #.#
#.# #.# ##...## #.# ###.# #..
#.....## ### #.# #...## ###
.......######.###.# #.##.## #
................#.######.#...####
................................+


You could see Grinder.

Vanquished Creatures
  5 adders
  2 worms (D:2)
  A dart slug (D:1)
  2 leopard geckos
  A giant cockroach (D:1)
  10 hobgoblins
  4 jackals (D:2)
  7 kobolds
  9 bats
  2 frilled lizards
  3 goblins
  2 rats
48 creatures vanquished.

Notes
Turn   | Place    | Note
-------+----------+-------------------------------------------
     0 | D:1      | pk666 the Deep Elf Wizard began the quest for the Orb.
     0 | D:1      | Reached XP level 1. HP: 10/10 MP: 7/7
   195 | D:1      | Reached XP level 2. HP: 2/15 MP: 4/9
  1173 | D:1      | Reached XP level 3. HP: 19/19 MP: 7/11
  1177 | D:1      | Learned a level 2 spell: Blink
  1181 | D:1      | Learned a level 3 spell: Conjure Flame
  1185 | D:1      | Learned a level 3 spell: Mephitic Cloud
  1188 | D:1      | Learned a level 2 spell: Call Imp
  1528 | D:2      | Reached skill level 5 in Spellcasting
  2248 | D:2      | Reached XP level 4. HP: 24/24 MP: 5/13
  2807 | D:3      | Found a stormy altar of Qazlal.
  2807 | D:3      | Found a shimmering blue altar of Sif Muna.
  2860 | D:3      | Found a shattered altar of Ashenzari.
  3046 | D:3      | Noticed Grinder
  3062 | D:3      | Killed from afar by Grinder

Levels and vault maps discovered:
D:1:      lemuel_arrival_cross, layout_basic
D:2:      layout_basic, kennysheep_generic_room_8
D:3:      layout_loops_corners, ashenzari_conservatory_becter,
          gammafunk_temple_overflow_elements, first_ration,
          lightli_sewer_entry_pipes, uniq_sigmund, uniq_grinder

Skill      XL: |  1  2  3 |
---------------+----------+-----
Dodging        | 3 |  3.6
Conjurations   | 2 |  2.8
Spellcasting   | 5 |  5.4
Stealth        | |  2.4
Summonings     | |  1.3
Translocations | |  1.1
Fire Magic     | |  0.3
Air Magic      | |  0.4
Poison Magic   | |  0.4

Action                   |  1- 3 |  4- 6 || total
-------------------------+-------+-------++-------
Melee: Dagger            |     5 |       ||     5
 Cast: Magic Dart        |   115 |    21 ||   136
  Use: Potion            |     2 |       ||     2
  Eat: Chunk             |     4 |     2 ||     6
Armor: Robe              |     4 |       ||     4
       Skin              |     7 |       ||     7
Dodge: Dodged            |     9 |     2 ||    11

Table legend:
 A = Non-vault XP
 B = Vault XP
 C = Vault XP percentage of total XP
 D = Non-vault monster count
 E = Vault monster count
 F = Vault count percentage of total count
                 A         B        C        D         E       F
            +---------+---------+-------+---------+---------+-------
      Total |     150 |       2 |   1.3 |      47 |       1 |   2.1
            +---------+---------+-------+---------+---------+-------
        D:1 |      42 |       0 |   0.0 |      24 |       0 |   0.0
        D:2 |      75 |       2 |   2.6 |      18 |       1 |   5.3
        D:3 |      33 |       0 |   0.0 |       5 |       0 |   0.0
            +---------+---------+-------+---------+---------+-------
